[ AOE2 MATCH · #484742396 ]
UnrankedKhmer vs Huns
[ REPLAY ANALYSIS · EXTRACTED FROM THE RECORDED GAME ]
Feudal
—
Castle
—
Imperial
—
| APM avg | 9.8 |
| APM peak | 18 |
| eAPM avg | 7.1 |
| Villagers / military | 64 / 32 |
Focus
⚔️ 17.9% · 🌾 82.1%
Militia ×15 · Battle Elephant ×8 · Ballista Elephant ×8 · Trade Cart ×5 · Monk ×1
Feudal
13:42
Castle
29:37
Imperial
—
| APM avg | 19.1 |
| APM peak | 39 |
| eAPM avg | 10.1 |
| Villagers / military | 85 / 46 |
Focus
⚔️ 25.8% · 🌾 74.2%
Archer ×25 · Spearman ×14 · Skirmisher ×5 · Mangonel ×1 · Battering Ram ×1
Feudal
15:36
Castle
26:30
Imperial
—
| APM avg | 18.1 |
| APM peak | 63 |
| eAPM avg | 9.0 |
| Villagers / military | 61 / 58 |
Focus
⚔️ 31.6% · 🌾 68.4%
Scout Cavalry ×47 · Tarkan ×11
Feudal
15:09
Castle
19:43
Imperial
—
| APM avg | 27.7 |
| APM peak | 81 |
| eAPM avg | 9.7 |
| Villagers / military | 54 / 25 |
Focus
⚔️ 20.9% · 🌾 79.1%
Shrivamsha Rider ×14 · Camel Scout ×9 · Trade Cart ×3 · Monk ×2
Feudal
14:42
Castle
—
Imperial
—
| APM avg | 11.7 |
| APM peak | 27 |
| eAPM avg | 9.1 |
| Villagers / military | 69 / 14 |
Focus
⚔️ 14.8% · 🌾 85.2%
Archer ×11 · Militia ×3
Feudal
15:13
Castle
24:22
Imperial
—
| APM avg | 13.7 |
| APM peak | 39 |
| eAPM avg | 8.3 |
| Villagers / military | 57 / 22 |
Focus
⚔️ 19.8% · 🌾 80.2%
Spearman ×12 · Magyar Huszar ×10
Match map
Initial resources + every placement click. Lines = walls · curves = elevation contours. ◆ gold · ⬟ stone · ● berries · ✦ relic · ◌ wall gap
Your base· Open — 10t gap
Jake_the_Snake's base· Open — 6t gap
ButtPirate's base· Open — 14t gap
jmm's base· Open — unwalled flank
tylan.humm's base· Open — unwalled flank
[N]eon[M]ario's base· Open — unwalled flank
Smoothed initial terrain · ◌ = detected wall gap · hover for details
Inputs per minute
— plume300 - - Jake_the_Snake
Build order — plume300
First 150 of 189 actions detected
| 0:24 | Build | Town Center |
| 3:00 | Build | House |
| 3:02 | Build | House |
| 3:14 | Create | Villager (Male) |
| 3:14 | Create | Villager (Male) |
| 3:15 | Create | Villager (Male) |
| 3:17 | Create | Villager (Male) |
| 3:56 | Build | House |
| 4:02 | Build | House |
| 4:44 | Create | Villager (Male) |
| 5:16 | Research | Loom |
| 5:19 | Create | Villager (Male) |
| 5:41 | Create | Villager (Male) |
| 6:00 | Build | Lumber Camp |
| 6:16 | Create | Villager (Male) |
| 6:43 | Create | Villager (Male) |
| 7:19 | Create | Villager (Male) |
| 7:39 | Create | Villager (Male) |
| 8:31 | Create | Villager (Male) |
| 8:48 | Create | Villager (Male) |
| 9:05 | Build | Mill |
| 9:10 | Create | Villager (Male) |
| 9:33 | Create | Villager (Male) |
| 9:38 | Create | Villager (Male) |
| 10:28 | Create | Villager (Male) |
| 10:31 | Create | Villager (Male) |
| 10:31 | Create | Villager (Male) |
| 10:32 | Create | Villager (Male) |
| 10:33 | Create | Villager (Male) |
| 11:25 | Build | Mill |
| 11:37 | Create | Villager (Male) |
| 12:04 | Research | Feudal Age |
| 13:09 | Build | Mill |
| 13:21 | Build | Mining Camp |
| 13:30 | Build | Mining Camp |
| 13:38 | Build | House |
| 13:41 | Build | House |
| 13:46 | Build | House |
| 14:00 | Create | Villager (Male) |
| 14:00 | Create | Villager (Male) |
| 14:09 | Create | Villager (Male) |
| 15:21 | Build | Watch Tower |
| 15:32 | Create | Villager (Male) |
| 15:35 | Create | Villager (Male) |
| 15:48 | Create | Villager (Male) |
| 16:04 | Build | Watch Tower |
| 16:07 | Create | Villager (Male) |
| 16:17 | Build | Farm |
| 16:23 | Research | Horse Collar |
| 16:25 | Create | Villager (Male) |
| 16:43 | Build | Farm |
| 16:44 | Create | Villager (Male) |
| 16:51 | Build | Barracks |
| 16:57 | Create | Villager (Male) |
| 17:29 | Build | Farm |
| 17:32 | Create | Villager (Male) |
| 17:40 | Research | Double-Bit Axe |
| 18:00 | Create | Militia |
| 18:00 | Create | Militia |
| 18:02 | Create | Militia |
| 18:06 | Research | Man-at-Arms (upgrade) |
| 18:08 | Create | Villager (Male) |
| 18:12 | Build | Farm |
| 18:18 | Build | Farm |
| 18:48 | Build | Farm |
| 18:52 | Build | Farm |
| 18:53 | Create | Villager (Male) |
| 19:13 | Create | Militia |
| 19:14 | Create | Militia |
| 19:16 | Create | Militia |
| 19:26 | Research | Gold Mining |
| 19:35 | Create | Villager (Male) |
| 19:43 | Create | Villager (Male) |
| 19:55 | Build | Farm |
| 19:59 | Build | Farm |
| 20:13 | Build | Farm |
| 20:14 | Create | Villager (Male) |
| 20:21 | Create | Militia |
| 20:29 | Build | House |
| 20:31 | Build | House |
| 20:36 | Build | House |
| 20:50 | Build | Farm |
| 21:02 | Create | Militia |
| 21:03 | Create | Militia |
| 21:15 | Build | Farm |
| 21:22 | Create | Villager (Male) |
| 21:51 | Build | Market |
| 22:06 | Create | Villager (Male) |
| 22:19 | Create | Militia |
| 22:20 | Create | Militia |
| 22:21 | Create | Militia |
| 22:21 | Create | Militia |
| 22:31 | Build | House |
| 22:37 | Build | Farm |
| 22:38 | Create | Villager (Male) |
| 22:39 | Create | Villager (Male) |
| 22:55 | Build | Farm |
| 23:11 | Create | Militia |
| 23:12 | Create | Militia |
| 23:22 | Build | Farm |
| 24:01 | Build | Farm |
| 24:02 | Create | Villager (Male) |
| 24:16 | Build | Stable |
| 24:24 | Build | House |
| 24:27 | Build | House |
| 24:29 | Create | Villager (Male) |
| 24:33 | Build | Farm |
| 25:11 | Build | Farm |
| 25:14 | Research | Castle Age |
| 25:45 | Create | Villager (Male) |
| 25:45 | Create | Villager (Male) |
| 25:52 | Build | House |
| 25:54 | Build | House |
| 26:00 | Build | Farm |
| 26:01 | Create | Villager (Male) |
| 26:48 | Build | Lumber Camp |
| 27:15 | Build | House |
| 27:18 | Build | House |
| 27:39 | Research | Stone Mining |
| 28:03 | Build | Castle |
| 28:13 | Create | Villager (Male) |
| 28:17 | Research | Gold Shaft Mining |
| 28:18 | Research | Stone Shaft Mining |
| 28:23 | Create | Battle Elephant |
| 28:23 | Create | Battle Elephant |
| 28:23 | Create | Battle Elephant |
| 28:24 | Create | Battle Elephant |
| 28:24 | Create | Battle Elephant |
| 28:29 | Build | Farm |
| 28:31 | Research | Heavy Plow |
| 28:33 | Create | Villager (Male) |
| 28:37 | Build | House |
| 28:39 | Build | House |
| 28:46 | Research | Bow Saw |
| 28:53 | Build | Farm |
| 29:08 | Create | Villager (Male) |
| 29:20 | Build | Monastery |
| 29:33 | Create | Trade Cart |
| 29:58 | Build | Mining Camp |
| 30:04 | Build | House |
| 30:15 | Create | Villager (Male) |
| 30:16 | Create | Villager (Male) |
| 30:21 | Research | Bloodlines |
| 30:23 | Research | Husbandry |
| 30:28 | Build | Farm |
| 30:34 | Create | Monk |
| 30:42 | Build | Farm |
| 30:49 | Build | House |
| 31:08 | Build | Farm |
| 31:09 | Create | Villager (Male) |
Build order — Jake_the_Snake
First 150 of 218 actions detected
| 1:20 | Build | Town Center |
| 2:05 | Build | House |
| 2:37 | Build | House |
| 3:19 | Create | Villager (Male) |
| 3:19 | Create | Villager (Male) |
| 3:20 | Create | Villager (Male) |
| 3:20 | Create | Villager (Male) |
| 3:20 | Create | Villager (Male) |
| 4:53 | Create | Villager (Male) |
| 5:26 | Create | Villager (Male) |
| 5:28 | Create | Villager (Male) |
| 5:57 | Build | Lumber Camp |
| 6:19 | Create | Villager (Male) |
| 6:22 | Create | Villager (Male) |
| 6:33 | Create | Villager (Male) |
| 7:13 | Create | Villager (Male) |
| 7:41 | Build | House |
| 8:04 | Create | Villager (Male) |
| 8:44 | Research | Loom |
| 9:05 | Create | Villager (Male) |
| 9:19 | Build | Mill |
| 9:26 | Create | Villager (Male) |
| 10:00 | Create | Villager (Male) |
| 10:23 | Build | House |
| 10:38 | Create | Villager (Male) |
| 10:40 | Create | Villager (Male) |
| 11:28 | Build | Mill |
| 11:32 | Research | Feudal Age |
| 12:09 | Create | Villager (Male) |
| 12:09 | Create | Villager (Male) |
| 12:10 | Create | Villager (Male) |
| 12:10 | Create | Villager (Male) |
| 12:23 | Build | Barracks |
| 12:36 | Build | Lumber Camp |
| 12:57 | Build | House |
| 13:28 | Create | Villager (Male) |
| 13:42 | Age | Feudal Age |
| 14:01 | Build | Archery Range |
| 14:11 | Create | Villager (Male) |
| 14:20 | Build | House |
| 14:26 | Create | Spearman |
| 14:47 | Build | Palisade Wall |
| 14:51 | Build | Palisade Wall |
| 14:52 | Build | Palisade Wall |
| 14:57 | Build | Palisade Wall |
| 15:01 | Build | Palisade Wall |
| 15:05 | Create | Villager (Male) |
| 15:16 | Build | Palisade Gate |
| 15:22 | Create | Archer |
| 15:22 | Create | Archer |
| 15:28 | Build | Blacksmith |
| 15:31 | Build | House |
| 15:44 | Create | Skirmisher |
| 15:50 | Create | Villager (Male) |
| 16:01 | Research | Double-Bit Axe |
| 16:10 | Create | Skirmisher |
| 16:20 | Build | Mill |
| 16:42 | Build | Farm |
| 16:50 | Build | Farm |
| 16:50 | Build | Farm |
| 16:50 | Build | Farm |
| 16:51 | Build | Farm |
| 16:52 | Build | Farm |
| 17:08 | Create | Skirmisher |
| 18:09 | Create | Villager (Male) |
| 18:10 | Create | Villager (Male) |
| 18:23 | Build | Farm |
| 18:23 | Build | Farm |
| 18:23 | Build | Farm |
| 18:24 | Build | Farm |
| 18:25 | Build | Farm |
| 18:27 | Build | Farm |
| 18:27 | Build | Farm |
| 18:28 | Build | Farm |
| 18:38 | Create | Villager (Male) |
| 18:38 | Create | Villager (Male) |
| 20:11 | Create | Villager (Male) |
| 20:11 | Create | Villager (Male) |
| 20:12 | Create | Villager (Male) |
| 20:12 | Create | Villager (Male) |
| 20:16 | Build | Mining Camp |
| 20:21 | Create | Villager (Male) |
| 20:22 | Create | Villager (Male) |
| 20:30 | Research | Horse Collar |
| 20:34 | Create | Villager (Male) |
| 20:34 | Create | Villager (Male) |
| 20:47 | Build | Farm |
| 20:48 | Build | Farm |
| 20:53 | Create | Villager (Male) |
| 20:59 | Build | Farm |
| 21:10 | Create | Skirmisher |
| 21:13 | Create | Spearman |
| 21:49 | Create | Villager (Male) |
| 22:55 | Create | Villager (Male) |
| 22:55 | Create | Villager (Male) |
| 23:14 | Build | House |
| 23:26 | Build | Farm |
| 23:26 | Build | Farm |
| 23:26 | Build | Farm |
| 23:26 | Build | Farm |
| 23:27 | Build | Farm |
| 23:34 | Build | Farm |
| 23:34 | Build | Farm |
| 23:34 | Build | Farm |
| 23:40 | Create | Villager (Male) |
| 24:00 | Create | Skirmisher |
| 24:02 | Create | Archer |
| 24:03 | Create | Archer |
| 24:05 | Research | Fletching |
| 24:06 | Research | Padded Archer Armor |
| 24:13 | Create | Archer |
| 24:14 | Create | Archer |
| 24:27 | Create | Villager (Male) |
| 24:27 | Create | Villager (Male) |
| 24:56 | Build | House |
| 25:03 | Research | Gold Mining |
| 25:15 | Build | House |
| 25:17 | Build | House |
| 25:25 | Create | Archer |
| 25:51 | Build | Market |
| 26:03 | Create | Villager (Male) |
| 26:04 | Create | Villager (Male) |
| 26:12 | Create | Archer |
| 26:57 | Research | Castle Age |
| 27:21 | Build | Archery Range |
| 27:28 | Build | House |
| 27:29 | Build | House |
| 27:42 | Create | Archer |
| 27:44 | Create | Archer |
| 27:45 | Create | Archer |
| 28:36 | Create | Spearman |
| 28:37 | Create | Spearman |
| 28:37 | Create | Spearman |
| 28:37 | Create | Spearman |
| 28:43 | Create | Spearman |
| 28:44 | Create | Spearman |
| 28:47 | Research | Scale Mail Armor |
| 28:49 | Research | Forging |
| 28:58 | Create | Spearman |
| 29:00 | Create | Spearman |
| 29:17 | Build | House |
| 29:19 | Build | House |
| 29:26 | Create | Archer |
| 29:26 | Create | Archer |
| 29:26 | Create | Archer |
| 29:37 | Age | Castle Age |
| 29:42 | Research | Crossbowman (upgrade) |
| 29:43 | Research | Thumb Ring |
| 30:09 | Create | Villager (Male) |
| 30:09 | Create | Villager (Male) |
Build order — ButtPirate
First 150 of 178 actions detected
| 0:17 | Build | Town Center |
| 3:07 | Create | Villager (Male) |
| 3:07 | Create | Villager (Male) |
| 3:08 | Create | Villager (Male) |
| 3:08 | Create | Villager (Male) |
| 3:08 | Create | Villager (Male) |
| 3:25 | Build | Mill |
| 4:46 | Create | Villager (Male) |
| 5:19 | Create | Villager (Male) |
| 5:20 | Create | Villager (Male) |
| 5:42 | Create | Villager (Male) |
| 5:43 | Create | Villager (Male) |
| 6:00 | Create | Villager (Male) |
| 6:01 | Create | Villager (Male) |
| 6:27 | Create | Villager (Male) |
| 7:03 | Create | Villager (Male) |
| 7:03 | Create | Villager (Male) |
| 7:24 | Create | Villager (Male) |
| 7:45 | Create | Villager (Male) |
| 8:19 | Create | Villager (Male) |
| 8:32 | Create | Villager (Male) |
| 8:45 | Build | Lumber Camp |
| 8:51 | Create | Villager (Male) |
| 9:28 | Create | Villager (Male) |
| 9:28 | Create | Villager (Male) |
| 10:07 | Create | Villager (Male) |
| 10:30 | Create | Villager (Male) |
| 10:30 | Create | Villager (Male) |
| 10:51 | Build | Barracks |
| 10:55 | Create | Villager (Male) |
| 13:26 | Research | Feudal Age |
| 13:26 | Research | Feudal Age |
| 15:36 | Age | Feudal Age |
| 15:38 | Build | Stable |
| 15:39 | Build | Stable |
| 15:43 | Create | Villager (Male) |
| 15:43 | Create | Villager (Male) |
| 15:43 | Create | Villager (Male) |
| 15:44 | Create | Villager (Male) |
| 15:44 | Create | Villager (Male) |
| 15:53 | Research | Horse Collar |
| 16:07 | Create | Scout Cavalry |
| 16:27 | Build | Farm |
| 16:29 | Build | Farm |
| 16:31 | Build | Farm |
| 16:38 | Create | Scout Cavalry |
| 16:38 | Create | Scout Cavalry |
| 16:56 | Build | Farm |
| 16:59 | Build | Farm |
| 17:01 | Build | Farm |
| 17:14 | Create | Scout Cavalry |
| 17:14 | Create | Scout Cavalry |
| 17:33 | Build | Blacksmith |
| 17:57 | Research | Bloodlines |
| 18:04 | Build | Farm |
| 18:05 | Build | Farm |
| 18:07 | Build | Farm |
| 18:11 | Build | Farm |
| 18:17 | Create | Villager (Male) |
| 18:17 | Create | Villager (Male) |
| 18:29 | Build | Farm |
| 18:36 | Create | Villager (Male) |
| 18:55 | Create | Scout Cavalry |
| 18:56 | Create | Scout Cavalry |
| 18:59 | Build | Farm |
| 19:22 | Build | Farm |
| 19:40 | Create | Villager (Male) |
| 19:40 | Create | Villager (Male) |
| 19:40 | Create | Villager (Male) |
| 19:40 | Create | Villager (Male) |
| 19:51 | Build | Farm |
| 19:53 | Build | Farm |
| 19:55 | Build | Farm |
| 19:56 | Build | Farm |
| 19:59 | Build | Farm |
| 20:26 | Build | Farm |
| 20:44 | Research | Double-Bit Axe |
| 20:50 | Build | Farm |
| 21:17 | Build | Farm |
| 21:26 | Build | Farm |
| 21:45 | Create | Scout Cavalry |
| 21:45 | Create | Scout Cavalry |
| 21:45 | Create | Scout Cavalry |
| 21:45 | Create | Scout Cavalry |
| 21:45 | Create | Scout Cavalry |
| 21:46 | Create | Scout Cavalry |
| 21:46 | Create | Scout Cavalry |
| 21:46 | Create | Scout Cavalry |
| 21:46 | Create | Scout Cavalry |
| 22:19 | Create | Villager (Male) |
| 22:20 | Create | Villager (Male) |
| 22:21 | Create | Villager (Male) |
| 22:52 | Build | Farm |
| 23:12 | Build | Farm |
| 23:50 | Research | Castle Age |
| 24:29 | Research | Wheelbarrow |
| 25:34 | Research | Forging |
| 25:36 | Research | Scale Barding Armor |
| 26:06 | Create | Scout Cavalry |
| 26:06 | Create | Scout Cavalry |
| 26:06 | Create | Scout Cavalry |
| 26:06 | Create | Scout Cavalry |
| 26:07 | Create | Scout Cavalry |
| 26:07 | Create | Scout Cavalry |
| 26:07 | Create | Scout Cavalry |
| 26:07 | Create | Scout Cavalry |
| 26:07 | Create | Scout Cavalry |
| 26:30 | Age | Castle Age |
| 26:34 | Research | Husbandry |
| 26:57 | Research | Light Cavalry (upgrade) |
| 27:05 | Create | Villager (Male) |
| 27:05 | Create | Villager (Male) |
| 27:06 | Research | Iron Casting |
| 28:23 | Create | Villager (Male) |
| 28:23 | Create | Villager (Male) |
| 28:46 | Research | Heavy Plow |
| 28:49 | Research | Bow Saw |
| 29:33 | Create | Villager (Male) |
| 29:33 | Create | Villager (Male) |
| 29:33 | Create | Villager (Male) |
| 29:33 | Create | Villager (Male) |
| 29:33 | Create | Villager (Male) |
| 29:33 | Create | Villager (Male) |
| 29:33 | Create | Villager (Male) |
| 30:46 | Create | Scout Cavalry |
| 30:46 | Create | Scout Cavalry |
| 30:46 | Create | Scout Cavalry |
| 30:46 | Create | Scout Cavalry |
| 30:47 | Create | Scout Cavalry |
| 30:47 | Create | Scout Cavalry |
| 30:47 | Create | Scout Cavalry |
| 30:47 | Create | Scout Cavalry |
| 30:47 | Create | Scout Cavalry |
| 30:48 | Create | Scout Cavalry |
| 30:48 | Create | Scout Cavalry |
| 30:48 | Create | Scout Cavalry |
| 30:48 | Create | Scout Cavalry |
| 31:27 | Research | Chain Barding Armor |
| 32:23 | Create | Villager (Male) |
| 32:24 | Create | Villager (Male) |
| 32:45 | Build | Farm |
| 33:04 | Build | Farm |
| 33:07 | Create | Villager (Male) |
| 33:07 | Create | Villager (Male) |
| 33:07 | Create | Villager (Male) |
| 33:37 | Build | Farm |
| 34:01 | Build | Farm |
| 34:15 | Build | Castle |
| 34:26 | Build | Farm |
| 34:42 | Research | Hand Cart |
Build order — jmm
First 150 of 152 actions detected
| 0:39 | Build | House |
| 1:01 | Build | Town Center |
| 2:56 | Build | Mill |
| 3:05 | Create | Villager (Male) |
| 3:05 | Create | Villager (Male) |
| 3:06 | Create | Villager (Male) |
| 3:06 | Create | Villager (Male) |
| 3:06 | Create | Villager (Male) |
| 4:45 | Create | Villager (Male) |
| 4:46 | Create | Villager (Male) |
| 5:10 | Create | Villager (Male) |
| 5:27 | Build | House |
| 5:38 | Create | Villager (Male) |
| 5:38 | Create | Villager (Male) |
| 6:06 | Research | Loom |
| 6:09 | Create | Villager (Male) |
| 6:09 | Create | Villager (Male) |
| 6:09 | Create | Villager (Male) |
| 6:48 | Build | Mill |
| 6:55 | Create | Villager (Male) |
| 7:35 | Create | Villager (Male) |
| 7:35 | Create | Villager (Male) |
| 7:44 | Build | House |
| 7:48 | Create | Villager (Male) |
| 8:18 | Build | Lumber Camp |
| 8:23 | Create | Villager (Male) |
| 8:23 | Create | Villager (Male) |
| 9:10 | Create | Villager (Male) |
| 9:10 | Create | Villager (Male) |
| 9:23 | Build | House |
| 10:02 | Build | House |
| 10:09 | Create | Villager (Male) |
| 10:33 | Build | Barracks |
| 11:14 | Build | Mill |
| 11:21 | Create | Villager (Male) |
| 11:25 | Create | Villager (Male) |
| 12:11 | Create | Villager (Male) |
| 12:20 | Build | Mining Camp |
| 12:59 | Research | Feudal Age |
| 14:25 | Create | Villager (Male) |
| 14:25 | Create | Villager (Male) |
| 14:44 | Build | Mill |
| 15:09 | Age | Feudal Age |
| 15:18 | Build | Stable |
| 15:23 | Build | Blacksmith |
| 15:34 | Research | Double-Bit Axe |
| 16:07 | Create | Villager (Male) |
| 16:36 | Create | Villager (Male) |
| 16:45 | Build | House |
| 17:03 | Research | Castle Age |
| 17:03 | Research | Castle Age |
| 17:11 | Build | Stable |
| 17:40 | Research | Bloodlines |
| 18:26 | Build | Mill |
| 19:20 | Create | Villager (Male) |
| 19:20 | Create | Villager (Male) |
| 19:43 | Age | Castle Age |
| 19:47 | Create | Shrivamsha Rider |
| 19:47 | Create | Shrivamsha Rider |
| 19:48 | Create | Shrivamsha Rider |
| 19:48 | Create | Shrivamsha Rider |
| 19:50 | Create | Shrivamsha Rider |
| 20:15 | Build | Mill |
| 20:44 | Research | Forging |
| 20:56 | Build | House |
| 22:01 | Research | Husbandry |
| 23:08 | Build | Mill |
| 23:13 | Research | Bow Saw |
| 23:17 | Research | Horse Collar |
| 23:21 | Build | Monastery |
| 23:48 | Create | Shrivamsha Rider |
| 23:48 | Create | Shrivamsha Rider |
| 23:49 | Create | Shrivamsha Rider |
| 23:55 | Research | Iron Casting |
| 24:11 | Create | Monk |
| 24:17 | Build | House |
| 24:18 | Build | House |
| 24:19 | Build | House |
| 24:40 | Build | Town Center |
| 24:53 | Research | Wheelbarrow |
| 24:53 | Create | Villager (Male) |
| 24:54 | Create | Villager (Male) |
| 24:57 | Build | House |
| 24:58 | Build | House |
| 25:35 | Research | Scale Barding Armor |
| 26:10 | Create | Villager (Male) |
| 26:11 | Create | Villager (Male) |
| 26:59 | Create | Villager (Male) |
| 26:59 | Create | Villager (Male) |
| 26:59 | Create | Villager (Male) |
| 27:10 | Build | House |
| 27:11 | Build | House |
| 27:11 | Build | House |
| 27:11 | Build | House |
| 27:11 | Build | House |
| 27:12 | Build | House |
| 27:12 | Build | House |
| 27:18 | Research | Heavy Plow |
| 27:23 | Create | Villager (Male) |
| 27:23 | Create | Villager (Male) |
| 27:23 | Create | Villager (Male) |
| 27:26 | Build | Farm |
| 27:27 | Build | Farm |
| 27:27 | Build | Farm |
| 27:27 | Build | Farm |
| 27:54 | Create | Camel Scout |
| 27:54 | Create | Camel Scout |
| 27:54 | Create | Shrivamsha Rider |
| 27:55 | Create | Shrivamsha Rider |
| 28:23 | Build | Lumber Camp |
| 28:33 | Build | Farm |
| 28:36 | Build | Farm |
| 28:37 | Build | Farm |
| 28:41 | Build | Farm |
| 28:42 | Build | Farm |
| 28:43 | Build | Farm |
| 28:55 | Create | Monk |
| 29:12 | Build | Mill |
| 29:41 | Research | Hand Cart |
| 30:18 | Create | Villager (Male) |
| 30:18 | Create | Villager (Male) |
| 31:22 | Build | Market |
| 31:55 | Create | Camel Scout |
| 31:55 | Create | Camel Scout |
| 31:56 | Create | Camel Scout |
| 32:43 | Create | Camel Scout |
| 32:44 | Create | Camel Scout |
| 32:44 | Create | Shrivamsha Rider |
| 32:45 | Create | Shrivamsha Rider |
| 33:11 | Create | Villager (Male) |
| 33:11 | Create | Villager (Male) |
| 33:12 | Create | Villager (Male) |
| 33:48 | Create | Shrivamsha Rider |
| 33:48 | Create | Shrivamsha Rider |
| 33:49 | Create | Camel Scout |
| 33:50 | Create | Camel Scout |
| 33:59 | Create | Villager (Male) |
| 34:00 | Create | Villager (Male) |
| 34:00 | Create | Villager (Male) |
| 34:00 | Create | Villager (Male) |
| 34:08 | Build | House |
| 34:43 | Research | Caravan |
| 34:44 | Create | Trade Cart |
| 34:45 | Create | Trade Cart |
| 34:45 | Create | Trade Cart |
| 35:52 | Build | University |
| 37:03 | Research | Imperial Age |
| 37:06 | Research | Town Watch |
| 37:11 | Create | Villager (Male) |
| 37:11 | Create | Villager (Male) |
Build order — tylan.humm
114 actions detected in the replay
| 0:26 | Build | Town Center |
| 2:30 | Build | House |
| 2:31 | Build | House |
| 3:23 | Create | Villager (Male) |
| 3:24 | Create | Villager (Male) |
| 3:24 | Create | Villager (Male) |
| 3:24 | Create | Villager (Male) |
| 3:24 | Create | Villager (Male) |
| 3:25 | Create | Villager (Male) |
| 3:59 | Build | House |
| 4:00 | Build | House |
| 5:01 | Create | Villager (Male) |
| 5:01 | Create | Villager (Male) |
| 5:01 | Create | Villager (Male) |
| 5:33 | Create | Villager (Male) |
| 5:33 | Create | Villager (Male) |
| 5:33 | Create | Villager (Male) |
| 7:00 | Create | Villager (Male) |
| 7:01 | Create | Villager (Male) |
| 7:01 | Create | Villager (Male) |
| 7:57 | Create | Villager (Male) |
| 7:57 | Create | Villager (Male) |
| 7:57 | Create | Villager (Male) |
| 7:58 | Create | Villager (Male) |
| 7:58 | Create | Villager (Male) |
| 7:58 | Create | Villager (Male) |
| 8:09 | Build | Lumber Camp |
| 8:17 | Create | Villager (Male) |
| 8:17 | Create | Villager (Male) |
| 9:05 | Create | Villager (Male) |
| 9:05 | Create | Villager (Male) |
| 9:05 | Create | Villager (Male) |
| 9:05 | Create | Villager (Male) |
| 9:36 | Build | House |
| 9:39 | Build | House |
| 9:59 | Create | Villager (Male) |
| 9:59 | Create | Villager (Male) |
| 9:59 | Create | Villager (Male) |
| 9:59 | Create | Villager (Male) |
| 10:19 | Build | Barracks |
| 11:18 | Build | Barracks |
| 11:57 | Build | Mining Camp |
| 12:32 | Research | Feudal Age |
| 13:25 | Build | Mill |
| 13:50 | Create | Militia |
| 13:50 | Create | Militia |
| 13:50 | Create | Militia |
| 14:42 | Age | Feudal Age |
| 14:51 | Build | Archery Range |
| 14:58 | Research | Man-at-Arms (upgrade) |
| 15:13 | Build | Watch Tower |
| 15:37 | Build | Mining Camp |
| 16:46 | Build | Market |
| 17:24 | Build | Watch Tower |
| 17:32 | Create | Archer |
| 17:32 | Create | Archer |
| 17:32 | Create | Archer |
| 17:32 | Create | Archer |
| 17:33 | Create | Archer |
| 17:33 | Create | Archer |
| 17:33 | Create | Archer |
| 17:33 | Create | Archer |
| 17:50 | Create | Villager (Male) |
| 17:50 | Create | Villager (Male) |
| 17:51 | Create | Villager (Male) |
| 17:51 | Create | Villager (Male) |
| 17:51 | Create | Villager (Male) |
| 17:51 | Create | Villager (Male) |
| 18:11 | Create | Archer |
| 18:11 | Create | Archer |
| 18:12 | Create | Archer |
| 19:47 | Build | Blacksmith |
| 23:50 | Build | Mill |
| 25:28 | Build | Town Center |
| 28:08 | Create | Villager (Male) |
| 28:08 | Create | Villager (Male) |
| 28:09 | Create | Villager (Male) |
| 28:45 | Create | Villager (Male) |
| 28:45 | Create | Villager (Male) |
| 30:21 | Create | Villager (Male) |
| 30:22 | Create | Villager (Male) |
| 30:22 | Create | Villager (Male) |
| 30:22 | Create | Villager (Male) |
| 30:28 | Build | House |
| 30:30 | Build | House |
| 31:12 | Create | Villager (Male) |
| 31:12 | Create | Villager (Male) |
| 31:12 | Create | Villager (Male) |
| 31:13 | Create | Villager (Male) |
| 31:13 | Create | Villager (Male) |
| 31:34 | Build | House |
| 31:36 | Build | House |
| 32:39 | Create | Villager (Male) |
| 32:39 | Create | Villager (Male) |
| 32:39 | Create | Villager (Male) |
| 32:39 | Create | Villager (Male) |
| 32:40 | Create | Villager (Male) |
| 32:40 | Create | Villager (Male) |
| 32:40 | Create | Villager (Male) |
| 33:41 | Create | Villager (Male) |
| 33:41 | Create | Villager (Male) |
| 33:42 | Create | Villager (Male) |
| 33:42 | Create | Villager (Male) |
| 33:42 | Create | Villager (Male) |
| 33:55 | Build | Lumber Camp |
| 34:51 | Create | Villager (Male) |
| 34:51 | Create | Villager (Male) |
| 34:52 | Create | Villager (Male) |
| 34:52 | Create | Villager (Male) |
| 34:52 | Create | Villager (Male) |
| 34:52 | Create | Villager (Male) |
| 35:08 | Build | Lumber Camp |
| 36:50 | Build | Barracks |
| 37:23 | Build | Mill |
Build order — [N]eon[M]ario
147 actions detected in the replay
| 1:37 | Build | Town Center |
| 2:34 | Build | House |
| 3:38 | Create | Villager (Male) |
| 3:38 | Create | Villager (Male) |
| 3:38 | Create | Villager (Male) |
| 3:38 | Create | Villager (Male) |
| 3:39 | Create | Villager (Male) |
| 4:57 | Create | Villager (Male) |
| 5:27 | Create | Villager (Male) |
| 6:22 | Create | Villager (Male) |
| 6:22 | Create | Villager (Male) |
| 6:22 | Create | Villager (Male) |
| 6:22 | Create | Villager (Male) |
| 6:48 | Build | House |
| 7:34 | Create | Villager (Male) |
| 7:34 | Create | Villager (Male) |
| 8:01 | Create | Villager (Male) |
| 9:14 | Build | House |
| 9:55 | Create | Villager (Male) |
| 9:55 | Create | Villager (Male) |
| 10:17 | Create | Villager (Male) |
| 10:18 | Create | Villager (Male) |
| 11:37 | Build | Mining Camp |
| 11:48 | Research | Loom |
| 12:19 | Build | Lumber Camp |
| 12:28 | Create | Villager (Male) |
| 12:53 | Build | Mill |
| 13:03 | Research | Feudal Age |
| 13:26 | Build | House |
| 13:29 | Build | House |
| 14:52 | Build | Mining Camp |
| 15:11 | Build | Barracks |
| 15:13 | Age | Feudal Age |
| 15:16 | Build | House |
| 15:21 | Create | Villager (Male) |
| 15:22 | Create | Villager (Male) |
| 15:30 | Research | Double-Bit Axe |
| 16:07 | Build | Market |
| 16:17 | Build | Blacksmith |
| 16:20 | Build | House |
| 16:28 | Create | Villager (Male) |
| 16:35 | Build | Farm |
| 16:36 | Build | Farm |
| 17:16 | Build | Farm |
| 17:17 | Build | Farm |
| 17:17 | Build | Farm |
| 17:18 | Build | Farm |
| 17:19 | Build | Farm |
| 17:28 | Create | Villager (Male) |
| 17:29 | Create | Villager (Male) |
| 18:27 | Build | Farm |
| 18:27 | Build | Farm |
| 18:28 | Build | Farm |
| 19:04 | Build | House |
| 19:10 | Build | Stable |
| 19:23 | Create | Villager (Male) |
| 19:23 | Create | Villager (Male) |
| 19:23 | Create | Villager (Male) |
| 20:16 | Build | House |
| 20:36 | Build | Farm |
| 21:42 | Research | Castle Age |
| 21:42 | Research | Castle Age |
| 22:00 | Research | Horse Collar |
| 22:23 | Build | Farm |
| 24:01 | Create | Villager (Male) |
| 24:01 | Create | Villager (Male) |
| 24:02 | Create | Villager (Male) |
| 24:02 | Create | Villager (Male) |
| 24:03 | Create | Villager (Male) |
| 24:03 | Create | Villager (Male) |
| 24:22 | Age | Castle Age |
| 24:48 | Build | Castle |
| 25:32 | Research | Scale Barding Armor |
| 25:44 | Build | Mining Camp |
| 27:10 | Build | House |
| 27:31 | Create | Magyar Huszar |
| 27:31 | Create | Magyar Huszar |
| 27:31 | Create | Magyar Huszar |
| 27:32 | Create | Magyar Huszar |
| 27:32 | Create | Magyar Huszar |
| 27:32 | Create | Magyar Huszar |
| 27:32 | Create | Magyar Huszar |
| 28:25 | Build | Town Center |
| 28:33 | Create | Villager (Male) |
| 28:33 | Create | Villager (Male) |
| 28:33 | Create | Villager (Male) |
| 28:34 | Create | Villager (Male) |
| 28:34 | Create | Villager (Male) |
| 29:08 | Build | Farm |
| 29:12 | Build | Farm |
| 29:30 | Research | Chain Barding Armor |
| 30:03 | Create | Villager (Male) |
| 30:03 | Create | Villager (Male) |
| 30:04 | Create | Villager (Male) |
| 30:04 | Create | Villager (Male) |
| 30:04 | Create | Villager (Male) |
| 30:04 | Create | Villager (Male) |
| 30:04 | Create | Villager (Male) |
| 30:07 | Create | Magyar Huszar |
| 30:08 | Create | Magyar Huszar |
| 30:19 | Create | Magyar Huszar |
| 30:52 | Create | Villager (Male) |
| 30:52 | Create | Villager (Male) |
| 30:53 | Create | Villager (Male) |
| 31:00 | Build | Farm |
| 31:00 | Build | Farm |
| 31:01 | Build | Farm |
| 32:58 | Research | Pikeman (upgrade) |
| 32:59 | Create | Spearman |
| 32:59 | Create | Spearman |
| 33:00 | Create | Spearman |
| 33:00 | Create | Spearman |
| 33:00 | Create | Spearman |
| 33:00 | Create | Spearman |
| 33:16 | Create | Villager (Male) |
| 33:16 | Create | Villager (Male) |
| 33:17 | Create | Villager (Male) |
| 33:21 | Build | Farm |
| 33:21 | Build | Farm |
| 33:21 | Build | Farm |
| 33:22 | Build | Farm |
| 33:22 | Build | Farm |
| 33:22 | Build | Farm |
| 33:23 | Build | Farm |
| 33:23 | Build | Farm |
| 33:23 | Build | Farm |
| 33:24 | Build | Farm |
| 34:01 | Build | Farm |
| 34:48 | Build | Farm |
| 34:54 | Create | Villager (Male) |
| 34:54 | Create | Villager (Male) |
| 34:54 | Create | Villager (Male) |
| 34:55 | Create | Villager (Male) |
| 34:55 | Create | Villager (Male) |
| 34:55 | Create | Villager (Male) |
| 35:59 | Build | Archery Range |
| 36:00 | Build | Archery Range |
| 36:01 | Build | Archery Range |
| 36:04 | Build | Barracks |
| 36:05 | Build | Barracks |
| 36:06 | Build | Barracks |
| 36:51 | Create | Spearman |
| 36:51 | Create | Spearman |
| 36:51 | Create | Spearman |
| 36:51 | Create | Spearman |
| 36:52 | Create | Spearman |
| 36:52 | Create | Spearman |
Match timeline
| 10:19 | tylan.humm · first_building Barracks |
| 10:33 | jmm · first_building Barracks |
| 10:51 | ButtPirate · first_building Barracks |
| 12:23 | Jake_the_Snake · first_building Barracks |
| 13:42 | Jake_the_Snake · age_up feudal |
| 14:01 | Jake_the_Snake · first_building Archery Range |
| 14:42 | tylan.humm · age_up feudal |
| 14:47 | Jake_the_Snake · wall_segment Palisade Wall x3 |
| 14:51 | Jake_the_Snake · wall_segment Palisade Wall x1 |
| 14:51 | tylan.humm · first_building Archery Range |
| 14:52 | Jake_the_Snake · wall_segment Palisade Wall x1 |
| 14:57 | Jake_the_Snake · wall_segment Palisade Wall x5 |
| 15:01 | Jake_the_Snake · wall_segment Palisade Wall x10 |
| 15:09 | jmm · age_up feudal |
| 15:11 | [N]eon[M]ario · first_building Barracks |
| 15:13 | [N]eon[M]ario · age_up feudal |
| 15:18 | jmm · first_building Stable |
| 15:36 | ButtPirate · age_up feudal |
| 15:38 | ButtPirate · first_building Stable |
| 16:51 | plume300 · first_building Barracks |
| 19:10 | [N]eon[M]ario · first_building Stable |
| 19:43 | jmm · age_up castle |
| 20:59 | [N]eon[M]ario · first_market_buy 100 food |
| 23:21 | jmm · first_building Monastery |
| 24:16 | plume300 · first_building Stable |
| 24:22 | [N]eon[M]ario · age_up castle |
| 24:48 | [N]eon[M]ario · first_building Castle |
| 25:12 | tylan.humm · first_market_buy 100 stone |
| 26:30 | ButtPirate · age_up castle |
| 28:03 | plume300 · first_building Castle |
| 29:20 | plume300 · first_building Monastery |
| 29:37 | Jake_the_Snake · age_up castle |
| 31:37 | Jake_the_Snake · first_building Siege Workshop |
| 34:15 | ButtPirate · first_building Castle |
| 35:59 | [N]eon[M]ario · first_building Archery Range |
| 37:37 | tylan.humm · resign |
[ AI ANALYSIS · 1 CREDIT ]
What really happened in this match?
Wolo.gg analyzes every decision: build order, eco, micro, common mistakes by bracket. Personalized analysis on WhatsApp or Discord in 30 seconds.
Civ guide
Khmer
Perfil
Jugador #23542070